 Dungeon Crawl Stone Soup version 0.30-a0-553-g7fabdf1 (webtiles) character file.

Game seed: 15424479305927287680

81 lyingbath the Chopper (level 4, -7/41 HPs)
             Began as a Hill Orc Monk on Dec 26, 2022.
             Was a Believer of Beogh.
             Killed by nerve-wracking pain
             ... invoked by an orc priest
              (14 damage)
             ... on level 3 of the Dungeon.
             The game lasted 00:04:00 (1787 turns).

lyingbath the Chopper (Hill Orc Monk)               Turns: 1787, Time: 00:04:01

Health: -7/41      AC: 11    Str: 21    XL:     4   Next: 42%
Magic:  4/4        EV:  8    Int: 10    God:    Beogh [**....]
Gold:   109        SH:  0    Dex: 13    Spells: 3/3 levels left

rFire   . . .      SeeInvis +    a - +0 hand axe
rCold   . . .      Faith    .    (no shield)
rNeg    . . .      Spirit   .    q - +0 storm dragon scales
rPois   .          Reflect  .    (no helmet)
rElec   +          Harm     .    (no cloak)
rCorr   .          Rampage  .    (no gloves)
Will    .....                    (no boots) Stlth
                                 (no amulet)
HPRegen 0.26/turn                b - +6 ring of strength
MPRegen 0.09/turn                j - ring of see invisible

@: no status effects
A: no striking features
a: Renounce Religion, Smiting


You were on level 3 of the Dungeon.
You worshipped Beogh.
Beogh was pleased with you.
You visited 1 branch of the dungeon, and saw 3 of its levels.

You collected 109 gold pieces.

Inventory:

Hand Weapons
 a - a +0 hand axe (weapon)
Armour
 q - +0 storm dragon scales (worn)
Jewellery
 b - a +6 ring of strength (left hand)
 j - a ring of see invisible (right hand)
Scrolls
 f - a scroll of fear
 k - a scroll of noise
 m - a scroll of enchant armour {unknown}
 o - a scroll of amnesia {unknown}
Potions
 c - a potion of ambrosia
 d - a potion of magic {unknown}
 g - 2 potions of flight {unknown}
 h - a potion of haste {unknown}
 i - a potion of mutation {unknown}
 l - a potion of curing {unknown}
 n - a potion of attraction {unknown}


   Skills:
 + Level 4.4 Fighting
 + Level 5.3 Axes
 * Level 2.2 Armour
 - Level 2.4 Dodging
 - Level 1.5 Stealth


You had 3 spell levels left.
You didn't know any spells.
Your spell library was empty.

Dungeon Overview and Level Annotations

Branches:
Dungeon (3/15)

Altars:


Message History

The orc priest hits you but does no damage.
The orc priest invokes the aid of Beogh against you.
Beogh smites you!
The orc priest hits you with a +0 vorpal flail.
You bump into the rock wall.
The orc priest hits you but does no damage.
You bump into the rock wall.
The orc priest misses you.
You closely miss the orc priest. The orc priest barely misses you.
You miss the orc priest.
You feel less confused.
The orc priest hits you but does no damage.
You hit the orc priest.
The orc priest is lightly wounded.
The orc priest barely misses you.
You hit the orc priest.
The orc priest is moderately wounded.
The orc priest completely misses you.
You barely miss the orc priest.
The orc priest is moderately wounded.
The orc priest hits you but does no damage.
You closely miss the orc priest.
The orc priest is moderately wounded.
The orc priest hits you with a +0 vorpal flail.
You hit the orc priest but do no damage.
The orc priest is moderately wounded.
The orc priest closely misses you.
You closely miss the orc priest.
The orc priest is moderately wounded.
The orc priest invokes the aid of Beogh against you.
Beogh smites you!
* * * LOW HITPOINT WARNING * * *
You hit the orc priest.
The orc priest is heavily wounded.
The orc priest closely misses you.
You hit the orc priest but do no damage.
The orc priest is heavily wounded.
The orc priest invokes the aid of Beogh against you.
Pain shoots through your body!
You die...
Beogh appreciates the orc priest's killing of a heretic priest.

...### ####.....#
.....###....#...###
...#...(...####...##
...#.........##....##
...#.........##.##<.####
####..........#.###....#
#######.##.....#.....#
#.#####....#..... ...
#@##....... ..... #o#
####### ...... #o#
..........o!......
#...........#######
.$..o##.. ....o #.. ....
##)# ... .#


You could see an orc priest and 2 orcs.

Vanquished Creatures
  An orc wizard (D:3)
  An adder (D:2)
  2 dart slugs
  4 ball pythons
  8 endoplasms
  4 giant cockroaches
  3 goblins
  5 hobgoblins
  2 jackals (D:1)
  5 kobolds
  A quokka (D:2)
  6 bats
  2 frilled lizards
  5 rats
49 creatures vanquished.

Vanquished Creatures (others)
  An endoplasm (D:3)
  2 fungi (D:1)
3 creatures vanquished.

Grand Total: 52 creatures vanquished

Notes
Turn   | Place    | Note
-------+----------+-------------------------------------------
     0 | D:1      | lyingbath the Hill Orc Monk began the quest for the Orb.
     0 | D:1      | Reached XP level 1. HP: 19/19 MP: 1/1
   122 | D:1      | Reached XP level 2. HP: 26/27 MP: 2/2
   341 | D:1      | Reached skill level 1 in Armour
   422 | D:1      | Found a faded altar of an unknown god.
   469 | D:1      | Reached XP level 3. HP: 30/33 MP: 3/3
  1029 | D:2      | Reached skill level 5 in Axes
  1484 | D:2      | Reached XP level 4. HP: 40/41 MP: 4/4
  1647 | D:3      | Became a worshipper of Beogh the Brigand
  1647 | D:3      | Reached * piety under Beogh
  1647 | D:3      | Reached ** piety under Beogh
  1787 | D:3      | Killed from afar by an orc priest

Illustrated notes

Levels and vault maps discovered:
D:1:      dpeg_arrival_prison, layout_rooms,
          shapermc_ecumenical_altar_flowoftime, minmay_misc_feat_x
D:2:      layout_loops_corners, grunt_decor_resistance,
          minmay_misc_feat_ornament
D:3:      layout_rooms, kennysheep_ying_yang,
          nicolae_dithmenos_through_a_glass_darkly

Skill      XL: |  1  2  3  4 |
---------------+-------------+-----
Fighting       | 4 |  4.4
Armour         | 1 2 |  2.2
Axes           | 5 |  5.3
Dodging        | |  2.4
Stealth        | |  1.5

Action                   |  1- 3 |  4- 6 || total
-------------------------+-------+-------++-------
Melee: Hand axe          |   100 |    30 ||   130
       Punch             |     2 |       ||     2
Invok: Convert to Beogh  |       |     1 ||     1
  Use: Scroll            |       |     2 ||     2
Armor: Plate armour      |    56 |       ||    56
       Robe              |     4 |       ||     4
       Storm dragon scal |       |    21 ||    21
Dodge: Dodged            |    37 |     7 ||    44

Table legend: (Time is in decaauts)
 A = Elapsed time spent in this place.
 B = Non-inter-level travel time spent in this place.
 C = Inter-level travel time spent in this place.
 D = Time resting spent in this place.
 E = Time spent auto-exploring this place.
 F = Levels seen in this place.
 G = Mean time per level.
                   A        B        C        D        E       F      G
               +--------+--------+--------+--------+--------+-----+--------+
         Total |   1793 |   1727 |     66 |      0 |   1378 |   3 |  597.7 |
       Dungeon |   1793 |   1727 |     66 |      0 |   1378 |   3 |  597.7 |
               +--------+--------+--------+--------+--------+-----+--------+

Top non-repeatable levels by time:
     D:2: 1024 daAuts
     D:1: 627 daAuts
     D:3: 142 daAuts
